 Dungeon Crawl Stone Soup version 0.31.0-11-ge490571c62 (webtiles) character file.

Game seed: 10631258292802013417

4022 Bobbunny the Fighter (level 10, -2/97 HPs)
             Began as a Minotaur Cinder Acolyte on Jan 29, 2024.
             Was a High Priest of Ignis.
             Slain by a molten gargoyle
             ... wielding a +0 mace
              (5 damage)
             ... on level 9 of the Dungeon.
             The game lasted 00:09:59 (6494 turns).

Bobbunny the Fighter (Minotaur Cinder Acolyte)      Turns: 6494, Time: 00:09:59

Health: -2/97      AC: 10    Str: 26    XL:     10   Next: 4%
Magic:  10/10      EV: 10    Int: 11    God:    Ignis [*****.]
Gold:   263        SH:  9    Dex:  8    Spells: 11/11 levels left

rFire   + . .        q - +1 broad axe
rCold   . . .        r - +0 buckler
rNeg    + . .        j - +2 leather armour of Tulips {Str+5}
rPois   .            (helmet restricted)
rElec   .            (no cloak)
rCorr   .            h - +1 pair of gloves
SInv    .            y - +2 pair of boots
Will    .....        g - amulet of reflection
Stlth   +            p - ring of positive energy
HPRegen 0.36/turn    (no ring)
MPRegen 0.12/turn

%: reflection
@: no status effects
A: horns 2, retaliatory headbutt
a: Renounce Religion, Fiery Armour, Foxfire Swarm, Rising Flame


You were on level 9 of the Dungeon.
You worshipped Ignis.
Ignis was extremely pleased with you.
You visited 1 branch of the dungeon, and saw 9 of its levels.

You collected 479 gold pieces.
You spent 216 gold pieces at shops.

Inventory:

Hand Weapons
 a - a -1 hand axe of flaming
 q - a +1 broad axe (weapon)
Missiles
 f - 13 poisoned darts (quivered)
 E - 4 curare-tipped darts
Armour
 h - a +1 pair of gloves (worn)
 j - the +2 leather armour of Tulips (worn) {Str+5}
   (You took it off a hobgoblin on level 2 of the Dungeon)

   Str+5:     It affects your strength (+5).
 r - a +0 buckler (worn)
 y - a +2 pair of boots (worn)
Jewellery
 g - an amulet of reflection (around neck)
 p - a ring of positive energy (left hand)
Wands
 n - a wand of mindburst (5)
 u - a wand of polymorph (12)
 A - a wand of flame (17)
Scrolls
 c - 2 scrolls of amnesia
 i - 2 scrolls of silence
 k - 2 scrolls of noise
 l - 2 scrolls of teleportation
 m - a scroll of enchant armour
 t - 2 scrolls of immolation
 C - a scroll of identify
 D - a scroll of revelation {unknown}
Potions
 b - a potion of cancellation {unknown}
 d - 5 potions of might
 e - 3 potions of curing
 o - 2 potions of enlightenment {unknown}
 s - a potion of invisibility {unknown}
 v - a potion of magic {unknown}
 x - a potion of mutation
 z - a potion of berserk rage {unknown}
 B - a potion of attraction {unknown}


   Skills:
 + Level 12.2 Fighting
 - Level 12.0 Axes
 + Level 3.4 Throwing
 - Level 3.0 Shields
 - Level 1.0 Spellcasting
 - Level 2.2 Fire Magic


You had 11 spell levels left.
You didn't know any spells.
Your spell library contained the following spells:

 Spells                   Type           Power      Damage    Failure   Level
 Scorch                   Fire           10%        2d5       26%         2
 Foxfire                  Conj/Fire      8%         2x1d4     28%         1
 Magic Dart               Conj           0%         1d3       41%         1
 Blink                    Tloc           0%         N/A       54%         2
 Call Imp                 Summ           0%         N/A       54%         2
 Lesser Beckoning         Tloc           0%         N/A       54%         2
 Momentum Strike          Conj/Tloc      0%         3d8       54%         2
 Sublimation of Blood     Necr           0%         N/A       54%         2
 Ozocubu's Armour         Ice            0%         N/A       78%         3
 Metabolic Englaciation   Hex/Ice        0%         N/A       100%        5
 Plasma Beam              Fire/Air       1%         2x1d11    100%        6
 Sculpt Simulacrum        Ice/Alch       0%         N/A       100%        6
 Starburst                Conj/Fire      1%         6d3       100%        6
 Summon Hydra             Summ           0%         N/A       100%        7


Dungeon Overview and Level Annotations

Branches:
Dungeon (9/15)             Temple (0/1) D:5
   Lair: D:8-11         Orc: D:9-12

Altars:
Dithmenos
Fedhas
Uskayaw
Wu Jian
Xom
Yredelemnul

Shops:
D:4 :   D:5 !   D:6 *   D:7 :   D:8 :

Annotations:
D:4 3 runed translucent doors, babelphish's ghost, amateur GrEE
D:8 2 transporters, TheRegalBeagle's ghost, novice DsFi


Innate Abilities, Weirdness & Mutations

You have a pair of horns on your head.
You reflexively headbutt those who attack you in melee.


Message History

HP restored.
Okay, then.
You climb downwards.
There is a stone staircase leading up, spattered with blood here.
You see here a +0 mace.
You hit the molten gargoyle but do no damage.
Your headbutt misses the molten gargoyle.
The molten gargoyle hits you with a +0 mace.
You are engulfed in flames.
You resist.
You completely miss the molten gargoyle.
The molten gargoyle blasts magma at you!
The bolt of magma hits you!! You partially resist.
You closely miss the molten gargoyle.
The molten gargoyle hits you with a +0 mace!
You are engulfed in flames.
You resist.
You slash the molten gargoyle!
The molten gargoyle is moderately damaged.
You block the molten gargoyle's attack.
You barely miss the molten gargoyle. You headbutt the molten gargoyle!
The molten gargoyle is severely damaged.
The molten gargoyle hits you with a +0 mace.
You are engulfed in flames.
You resist.
You hit the molten gargoyle but do no damage.
The molten gargoyle is severely damaged.
You block the molten gargoyle's attack.
You barely miss the molten gargoyle.
The molten gargoyle is severely damaged.
The molten gargoyle hits you with a +0 mace!
You are engulfed in flames.
You resist.
You barely miss the molten gargoyle.
The molten gargoyle is severely damaged.
The molten gargoyle blasts magma at you!
The bolt of magma hits you!! You partially resist.
* * * LOW HITPOINT WARNING * * *
You hit the molten gargoyle.
The molten gargoyle is severely damaged.
The molten gargoyle hits you with a +0 mace!
* * * LOW HITPOINT WARNING * * *
You are engulfed in flames.
You resist.
You die...

≈≈≈§§≈. ..
§§88≈≈§ .#
≈≈88≈§§ ..
§≈≈≈§§§ .
≈≈§≈. .# ≈..
#.# #.#9.#
#@# ####<###
#......#
#.........#
#......##...
........# #.
.##......#
.≈ #####.##
§ .#


You could see a molten gargoyle.

Vanquished Creatures
  Pikel (D:5)
  A molten gargoyle (D:9)
  A hornet (D:8)
  Grinder (D:5)
  Sigmund (D:6)
  Eustachio (D:6)
  2 steam dragons
  A water moccasin (D:7)
  Duvessa (D:7)
  An orc warrior (D:8)
  A sky beast (D:6)
  An ogre (D:5)
  A phantom (D:6)
  A kobold brigand (D:8)
  A lemure (D:4)
  A brain worm (D:5)
  Blork the orc (D:5)
  A gnoll sergeant (D:7)
  2 bullfrogs
  2 scorpions (D:6)
  4 wights (D:8)
  Dowan (D:7)
  A howler monkey (D:5)
  A lava snake (D:8)
  A jelly (D:5)
  5 orc priests
  3 hounds
  3 iguanas
  3 sleepcaps
  12 orc wizards
  8 adders
  3 gnolls (D:7)
  3 shadow imps
  3 ribbon worms
  A dart slug (D:2)
  42 orcs
  4 endoplasms
  3 giant cockroaches
  4 goblins
  3 hobgoblins
  4 jackals (D:1)
  9 kobolds
  A quokka (D:5)
  7 ball pythons
  11 bats
  11 frilled lizards
  3 rats
177 creatures vanquished.

Vanquished Creatures (others)
  An orc (D:8)
1 creature vanquished.

Grand Total: 178 creatures vanquished

Notes
Turn   | Place    | Note
-------+----------+-------------------------------------------
     0 | D:1      | Bobbunny the Minotaur Cinder Acolyte began the quest for
                  | the Orb.
     0 | D:1      | Reached XP level 1. HP: 19/19 MP: 1/1
   186 | D:1      | Reached XP level 2. HP: 24/27 MP: 2/2
   537 | D:2      | Reached XP level 3. HP: 34/34 MP: 3/3
   551 | D:2      | Identified the +2 leather armour of Tulips {Str+5}
  1032 | D:2      | Reached XP level 4. HP: 41/41 MP: 4/4
  1143 | D:2      | Reached skill level 5 in Fighting
  1342 | D:3      | Reached skill level 5 in Axes
  1965 | D:4      | Reached XP level 5. HP: 27/48 MP: 5/5
  2050 | D:4      | Found Sipn's Book Boutique.
  2126 | D:4      | Found a runed translucent gate.
  2127 | D:4      | Found a runed translucent gate.
  2128 | D:4      | Found a runed translucent gate.
  2138 | D:4      | Noticed babelphish's ghost (amateur GrEE)
  2167 | D:4      | Reached skill level 1 in Shields
  2196 | D:4      | Found a basalt altar of Yredelemnul.
  2288 | D:4      | Found a shadowy altar of Dithmenos.
  2314 | D:4      | Found an ornate altar of the Wu Jian Council.
  2534 | D:5      | Entered Level 5 of the Dungeon
  2546 | D:5      | Found Nusi's Distillery.
  2561 | D:5      | Bought a potion of curing for 36 gold pieces
  2561 | D:5      | Bought a potion of lignification for 36 gold pieces
  2561 | D:5      | Bought a potion of might for 48 gold pieces
  2561 | D:5      | Bought a potion of mutation for 96 gold pieces
  2570 | D:5      | Noticed an ogre
  2572 | D:5      | an ogre changed into a brain worm
  2617 | D:5      | Noticed a lemure
  2617 | D:5      | Noticed a lemure
  2617 | D:5      | Noticed Pikel
  2618 | D:5      | Noticed a lemure
  2632 | D:4      | Killed a lemure
  2652 | D:5      | Found a staircase to the Ecumenical Temple.
  2664 | D:5      | Reached XP level 6. HP: 52/57 MP: 6/6
  2893 | D:5      | Killed Pikel
  2894 | D:5      | Reached XP level 7. HP: 32/67 MP: 7/7
  3173 | D:5      | Noticed Blork the orc
  3188 | D:5      | Killed Blork the orc
  3191 | D:5      | Reached XP level 8. HP: 54/75 MP: 8/8
  3545 | D:5      | Noticed Grinder
  3550 | D:5      | Paralysed by Grinder for 3 turns
  3562 | D:5      | Killed Grinder
  3808 | D:6      | Noticed Eustachio
  3834 | D:6      | Killed Eustachio
  3835 | D:6      | Reached skill level 10 in Fighting
  3835 | D:6      | Reached skill level 10 in Axes
  4013 | D:6      | Found Ighesenu's Elemental Accessories.
  4016 | D:6      | Noticed Sigmund
  4034 | D:6      | Killed Sigmund
  4035 | D:6      | Reached XP level 9. HP: 53/86 MP: 9/9
  4383 | D:6      | Found a shimmering altar of Xom.
  4523 | D:7      | Found Nohugib's Book Emporium.
  4664 | D:7      | Noticed Dowan
  4667 | D:7      | Noticed Duvessa
  4668 | D:7      | Killed Dowan
  4678 | D:7      | Killed Duvessa
  4747 | D:7      | Found a blossoming altar of Fedhas.
  5363 | D:8      | Noticed a purple ugly thing
  5366 | D:8      | Found a transporter.
  5386 | D:8      | Reached skill level 1 in Throwing
  5463 | D:8      | Found a transporter.
  5552 | D:8      | Found Caon's Book Shop.
  5561 | D:8      | Paralysed by a hornet for 3 turns
  6043 | D:8      | Noticed TheRegalBeagle's ghost (novice DsFi)
  6253 | D:8      | Found a hide-covered altar of Uskayaw.
  6315 | D:9      | Noticed a molten gargoyle
  6325 | D:9      | Killed a molten gargoyle
  6326 | D:9      | Reached XP level 10. HP: 40/97 MP: 10/10
  6326 | D:9      | Noticed a molten gargoyle
  6494 | D:9      | HP: 3/97 [molten gargoyle/+0 mace (12)]
  6494 | D:9      | Slain by a molten gargoyle

Illustrated notes

Levels and vault maps discovered:
D:1:      spicycebolla_arrival_clurvy, layout_rooms
D:2:      minmay_angry_zag, layout_basic, minmay_misc_feat_rugged
D:3:      layout_loops_ring
D:4:      layout_gridville, nicolae_overflow_crystal_walls,
          overflow_temple_1_default, mainiacjoe_overflow_24_doors, serial_shops,
          nicolae_shop_tiny_glass, gammafunk_ghost_necromancy
D:5:      layout_rooms, minmay_temple_entry_wispy, serial_shops, shop,
          corexii_corridor_pit, minmay_lizard_king, uniq_pikel,
          uniq_blork_the_orc, uniq_grinder
D:6:      layout_rooms, general_overflow_altar, nicolae_elemental_shop,
          uniq_eustachio, uniq_sigmund
D:7:      layout_loops_cross, mainiacjoe_overflow_catwalk, serial_shops, shop,
          uniq_duvessa
D:8:      layout_rooms, nicolae_uskayaw_suspiria, serial_shops,
          nicolae_shop_window_shopping, nzn_ghost_randoct
D:9:      layout_roguey, mainiacjoe_overflow_boulevard, minivault_8

Skill      XL: |  1  2  3  4  5  6  7  8  9 |
---------------+----------------------------+-----
Fighting       | 4 5 6 7 8 10 12 | 12.2
Axes           | 4 5 6 7 8 10 12 | 12.0
Shields        | 2 3 |  3.0
Throwing       | 3 |  3.4
Spellcasting   | |  1.0
Fire Magic     | |  2.2

Action                     |  1- 3 |  4- 6 |  7- 9 | 10-12 || total
---------------------------+-------+-------+-------+-------++-------
  Melee: Hand axe          |    97 |   105 |   151 |       ||   353
         Headbutt          |    10 |    20 |    43 |     1 ||    74
         Punch             |     1 |       |       |       ||     1
         Broad axe         |       |       |   143 |     9 ||   152
  Throw: Dart              |       |     2 |     8 |       ||    10
  Evoke: Wand              |       |     2 |       |       ||     2
    Use: Scroll            |       |     4 |     6 |       ||    10
         Potion            |       |       |     3 |       ||     3
 Armour: Robe              |    20 |       |       |       ||    20
         Scale mail        |    36 |       |       |       ||    36
         Leather armour    |    18 |    69 |   170 |     7 ||   264
         Skin              |       |       |    13 |       ||    13
  Dodge: Dodged            |    67 |    51 |   101 |       ||   219
  Block: Buckler           |       |     5 |    81 |     2 ||    88
         Reflection        |       |       |     1 |       ||     1
